 Dungeon Crawl Stone Soup version 0.25.1-2-g60ff931df9 (webtiles) character file.

Game seed: 16595419299863194256

49 Johnny the Digger (level 3, -1/26 HPs)
             Began as a Demigod Earth Elementalist on Oct 27, 2020.
             Slain by a gnoll (2 damage)
             ... on level 2 of the Dungeon.
             The game lasted 00:00:59 (1455 turns).

Johnny the Digger (Demigod Earth Elementalist)      Turns: 1455, Time: 00:01:00

Health: -1/26      AC:  2    Str: 11    XL:     3   Next: 33%
Magic:  4/9        EV: 12    Int: 21    God:
Gold:   53         SH:  0    Dex: 16    Spells: 5/6 levels left

rFire    . . .     SeeInvis .   g - +0 dagger
rCold    . . .     Gourm    .   (no shield)
rNeg     . . .     Faith    .   c - +0 robe
rPois    .         Spirit   .   (no helmet)
rElec    .         Reflect  .   (no cloak)
rCorr    .         Harm     .   (no gloves)
MR       .....                  (no boots)
Stlth    ++........             (no amulet)
HPRegen  0.08/turn              (no ring)
MPRegen  0.11/turn              (no ring)

@: no status effects
A: high mp 1
a: no special abilities


You were on level 2 of the Dungeon.
You were not hungry.

You visited 1 branch of the dungeon, and saw 2 of its levels.

You collected 53 gold pieces.

Inventory:

Hand Weapons
 g - a +0 dagger (weapon)
Missiles
 b - 25 stones (quivered)
Armour
 c - a +0 robe (worn)
Jewellery
 e - an uncursed ring of stealth {unknown}
Scrolls
 a - a scroll of magic mapping {unknown}
 h - a scroll of teleportation {unknown}
Potions
 f - a potion of brilliance {unknown}
 j - a potion of curing {unknown}
Comestibles
 d - a ration
 i - a chunk of flesh


   Skills:
 - Level 1.7 Dodging
 - Level 1.7 Stealth
 + Level 2.3 Spellcasting
   Level 0.8 Transmutations
 * Level 3.7 Earth Magic


You had 5 spell levels left.
You knew the following spells:

 Your Spells              Type           Power        Failure   Level  Hunger
a - Sandblast             Erth           ###...       3%          1    None

Your spell library contained the following spells:

 Spells                   Type           Power        Failure   Level  Hunger
 Passwall                 Tmut/Erth      ##......     9%          2    ##.....
 Stone Arrow              Conj/Erth      ##....       21%         3    ###....
 Petrify                  Tmut/Erth      ##......     47%         4    ####...
 Lee's Rapid Deconstruct  Erth           ###.......   63%         5    ######.


Dungeon Overview and Level Annotations

Branches:
Dungeon (2/15)


Innate Abilities, Weirdness & Mutations

You have an increased reservoir of magic. (+10% MP)


Message History

Confirm with . or Enter, or press ? or * to list all spells.
Aiming: Sandblast (safe; 3% risk of failure)
Press: ? - help, Shift-Dir - straight line, f/p - gnoll
Aim: a gnoll, wearing a +0 robe (severely wounded)
The blast of sand hits the gnoll but does no damage.
The gnoll is severely wounded.
b - 26 stones The gnoll hits you.
* * * LOW HITPOINT WARNING * * *
A gnoll is nearby!
A gnoll is nearby!
Casting: Sandblast (safe; 3% risk of failure)
Confirm with . or Enter, or press ? or * to list all spells.
Aiming: Sandblast (safe; 3% risk of failure)
Press: ? - help, Shift-Dir - straight line, f/p - gnoll
Aim: a gnoll, wearing a +0 robe (severely wounded)
The blast of sand misses the gnoll.
b - 25 stones The gnoll hits you.
You die...

......g.# #.....#
....(..<# #.....#
.........# #.#..##
.(.......###.##.##
.........##......#
....g....##......#
r....?...##......#
........##..$.#††##
.......###.@........
......g#.........
.#####.#..#..%.....
#.#...........
..#...........
....#.####.... .##
##.. # ...


You could see a gnoll.

Vanquished Creatures
  A gnoll (D:2)
  A dart slug (D:1)
  2 leopard geckos (D:1)
  6 bats
  3 giant cockroaches (D:1)
  5 goblins (D:1)
  2 hobgoblins (D:1)
  3 jackals (D:2)
  4 kobolds (D:1)
  A quokka (D:2)
  2 rats (D:1)
30 creatures vanquished.

Notes
Turn   | Place    | Note
-------+----------+-------------------------------------------
     0 | D:1      | Johnny the Demigod Earth Elementalist began the quest for
                  | the Orb.
     0 | D:1      | Reached XP level 1. HP: 14/14 MP: 5/5
    77 | D:1      | Reached skill level 3 in Earth Magic
   246 | D:1      | Reached XP level 2. HP: 20/20 MP: 4/7
  1313 | D:1      | Reached XP level 3. HP: 26/26 MP: 9/9
  1454 | D:2      | HP: 1/26 [gnoll (6)]
  1455 | D:2      | Slain by a gnoll

Illustrated notes

Levels and vault maps discovered:
D:1:      scummos_arrival_simple_fountains, layout_loops_corners
D:2:      layout_rooms

Skill      XL: |  1 |
---------------+----+-----
Earth Magic    | 3 |  3.7
Spellcasting   | 2 |  2.3
Dodging        | |  1.7
Stealth        | |  1.7
Transmutations | |  0.8

Action                   || total
-------------------------++-------
Melee: Unarmed           ||    13
       Dagger            ||    57
 Cast: Sandblast         ||    31
 Stab: Sleeping          ||     4
  Eat: Chunk             ||     2
Armor: Robe              ||    24
Dodge: Dodged            ||    64
